 Dungeon Crawl Stone Soup version 0.27-a0-1358-ga0a28fc8c3 (webtiles) character file.

Game seed: 13916487652244973840

6691 Delamore the Slicer (level 11, -1/71 HPs)
             Began as an Octopode Brigand on June 28, 2021.
             Was an Initiate of Gozag.
             Succumbed to kobold brigand's curare-tipped dart
             ... on level 9 of the Dungeon.
             The game lasted 00:14:31 (13347 turns).

Delamore the Slicer (Octopode Brigand)             Turns: 13347, Time: 00:14:32

Health: -1/71      AC:  1    Str: 11    XL:     11   Next: 3%
Magic:  11/11      EV: 14    Int: 14    God:    Gozag
Gold:   883        SH:  0    Dex: 22    Spells: 8/10 levels left

rFire    . . .     SeeInvis +   v - +2 rapier (drain)
rCold    . . .     Faith    .   (no shield)
rNeg     . . .     Spirit   .   (helmet restricted)
rPois    .         Reflect  .   (no amulet)
rElec    .         Harm     .   g - ring of see invisible
rCorr    .         Rampage  .   p - +6 ring of dexterity
Will     +....                  y - ring of willpower
Stlth    ++++++....             (no ring)
HPRegen  0.21/turn              (no ring)
MPRegen  0.12/turn              (no ring)
                                (no ring)
                                (no ring)

@: lethally poisoned (-1 -> -11), slowed, very slow
A: almost no armour, amphibious, 8 rings, camouflage 1, gelatinous body 1,
(nimble swimmer 1), tentacles
a: Renounce Religion, Potion Petition, Call Merchant, Bribe Branch


You were on level 9 of the Dungeon.
You worshipped Gozag.
Gozag was pleased with you.
You visited 2 branches of the dungeon, and saw 10 of its levels.
You also visited: Ossuary.

You collected 3205 gold pieces.
You spent 466 gold pieces at shops.
You paid 1856 gold pieces to Gozag.

Inventory:

Hand Weapons
 a - a +3 dagger
 v - a +2 rapier of draining (weapon)
Missiles
 b - 39 poisoned darts (quivered)
 c - a curare-tipped dart
 e - 13 boomerangs
 h - 4 silver boomerangs
 B - 5 javelins
Armour
 C - a +0 buckler
Jewellery
 g - a ring of see invisible (left tentacle)
 p - a +6 ring of dexterity (right tentacle)
 y - a ring of willpower (on tentacle)
 E - a ring of ice
Wands
 r - a wand of polymorph (4)
Scrolls
 d - a scroll of amnesia
 j - 3 scrolls of teleportation
 l - 3 scrolls of enchant armour
 q - a scroll of enchant weapon
 u - a scroll of fog
 D - a scroll of identify
Potions
 f - 4 potions of curing
 i - 2 potions of haste
 k - a potion of lignification {unknown}
 m - 6 potions of heal wounds
 n - 3 potions of berserk rage
 o - 4 potions of flight
 s - 2 potions of mutation
 t - a potion of resistance {unknown}
 w - a potion of magic {unknown}
 z - a potion of invisibility
 A - a potion of might


   Skills:
 - Level 5.0 Fighting
 + Level 13.6 Short Blades
 - Level 2.0 Throwing
 + Level 2.9 Dodging
 - Level 10.0 Stealth
 + Level 2.5 Shields


You had 8 spell levels left.
You knew the following spells:

 Your Spells              Type           Power      Damage    Failure   Level
a - Blink                 Tloc           N/A        N/A       41%         2

Your spell library contained the following spells:

 Spells                   Type           Power      Damage    Failure   Level
 Freeze                   Ice            0%         1d3       28%         1
 Magic Dart               Conj           0%         1d3       28%         1
 Sting                    Tmut/Pois      0%         1d3       28%         1
 Summon Small Mammal      Summ           0%         N/A       28%         1
 Call Imp                 Summ           0%         N/A       41%         2
 Poisonous Vapours        Pois/Air       0%         N/A       41%         2
 Slow                     Hex            0%         N/A       41%         2
 Call Canine Familiar     Summ           0%         N/A       65%         3
 Conjure Flame            Conj/Fire      0%         6-21      65%         3
 Frozen Ramparts          Ice            0%         1d2       65%         3
 Ignite Poison            Fire/Tmut/Pois 0%         N/A       65%         3
 Mephitic Cloud           Conj/Pois/Air  0%         N/A       65%         3
 Ozocubu's Armour         Ice            0%         N/A       65%         3
 Summon Guardian Golem    Hex/Summ       0%         N/A       65%         3
 Hailstorm                Conj/Ice       0%         3d3       96%         4
 Olgreb's Toxic Radiance  Pois           0%         N/A       96%         4
 Summon Ice Beast         Ice/Summ       0%         N/A       96%         4
 Summon Lightning Spire   Summ/Air       0%         N/A       96%         4
 Metabolic Englaciation   Hex/Ice        0%         N/A       100%        5


Dungeon Overview and Level Annotations

Branches:
Dungeon (9/15)             Temple (1/1) D:6            Lair (0/6) D:8
Ossuary (visited)
    Orc: D:9-12

Altars:
Ashenzari
Fedhas
Gozag
Kikubaaqudgha
Makhleb
Okawaru
Sif Muna
Trog
Uskayaw
Vehumet
Wu Jian
Yredelemnul
The Shining One

Shops:
D:6 !   D:7 !


Innate Abilities, Weirdness & Mutations

You cannot wear most types of armour.
You are amphibious.
You can wear up to eight rings at the same time.
Your skin changes colour to match your surroundings (Stealth+).
Your rubbery body absorbs attacks. (AC +1, EV +1)
((You are camouflaged near water. (Stealth+)))
You have tentacles for arms and can constrict up to eight enemies at once.


Message History

The curare-tipped dart hits you.
You are poisoned.
You have difficulty breathing.
You feel yourself slow down.
You feel extremely sick.
You feel very sick.
You feel very sick.
You feel very sick.
The kobold brigand throws a curare-tipped dart.
The curare-tipped dart hits you.
You are more poisoned.
You have difficulty breathing.
You feel as though you will be slow longer.
You feel extremely sick.
The kobold brigand throws a curare-tipped dart.
The curare-tipped dart hits you.
You are more poisoned.
You have difficulty breathing.
You feel as though you will be slow longer.
Found a glowing tourmaline ring.
Found a stone staircase leading down.
You feel extremely sick.
* * * LOW HITPOINT WARNING * * *
You feel extremely sick.
* * * LOW HITPOINT WARNING * * *
You feel very sick.
The kobold brigand throws a curare-tipped dart.
The curare-tipped dart misses you.
* * * LOW HITPOINT WARNING * * *
You feel very sick.
You feel better.
Blink to where?
Press: ? - help, Dir - move target
As you read the scroll of blinking, it crumbles to dust.
The kobold brigand throws a curare-tipped dart.
The curare-tipped dart hits you.
You are poisoned.
You have difficulty breathing.
* * * LOW HITPOINT WARNING * * *
You feel as though you will be slow longer.
You die...
Your body crumbles into a pile of gold.

. #..# ########..#
..........#
#########.# #.# #.#
#.#
##################.#
Y.K....=........@..#
KY......K..........#
.......>...........#
##################.#
#.# #.#
##################.#
...................#
####################


There were no monsters in sight!

Vanquished Creatures
  A death knight (D:8)
  A gargoyle (D:8)
  A wyvern (D:8)
  A yak (D:8)
  A steam dragon (D:8)
  7 water moccasins
  2 orc warriors (D:7)
  2 sky beasts (D:7)
  4 ogres
  An ice beast (D:7)
  5 black bears
  4 centaurs
  3 phantoms
  An elf zombie (Ossuary)
  A kobold brigand (D:8)
  10 bullfrogs
  A gnoll sergeant (D:7)
  3 scorpions
  2 wyvern skeletons (D:7)
  6 killer bees
  7 wights
  7 centaur zombies
  A centaur skeleton (D:7)
  3 human zombies (Ossuary)
  3 orc priests (D:7)
  3 orc wizards
  2 killer bee zombies
  A howler monkey zombie (D:7)
  3 mummies
  Robin (D:3)
  4 gnolls
  4 adders
  A white imp (D:7)
  A dart slug (D:3)
  26 orcs
  3 endoplasms (D:2)
  5 giant cockroaches
  14 goblins
  7 hobgoblins
  7 jackals
  13 kobolds
  8 quokkas
  7 ball pythons
  3 bats
  11 frilled lizards (D:1)
  A goblin zombie (Ossuary)
  9 hobgoblin zombies (Ossuary)
  A jackal zombie (Ossuary)
  11 kobold zombies (Ossuary)
  8 orc zombies (Ossuary)
  3 rats
  A rat zombie (Ossuary)
236 creatures vanquished.

Vanquished Creatures (others)
  30 fungi (D:8)
  37 plants
67 creatures vanquished.

Grand Total: 303 creatures vanquished

Notes
Turn   | Place    | Note
-------+----------+-------------------------------------------
     0 | D:1      | Delamore the Octopode Brigand began the quest for the Orb.
     0 | D:1      | Reached XP level 1. HP: 14/14 MP: 1/1
   369 | D:1      | Reached XP level 2. HP: 19/19 MP: 2/2
   859 | D:1      | Found a faded altar of an unknown god.
   894 | D:1      | Reached XP level 3. HP: 19/25 MP: 3/3
  1591 | D:2      | Found an iron altar of Okawaru.
  2513 | D:3      | Reached XP level 4. HP: 30/30 MP: 4/4
  2538 | D:3      | Noticed Robin
  2556 | D:3      | Reached skill level 3 in Short Blades
  2930 | D:3      | Killed Robin
  3594 | D:4      | Identified the +11 plate armour of Huerghih {+Inv Str+3
                  | Int-2 Slay+6}
  3795 | D:4      | Reached XP level 5. HP: 12/36 MP: 5/5
  4270 | D:4      | Found a glowing golden altar of the Shining One.
  4353 | D:4      | Reached XP level 6. HP: 43/43 MP: 6/6
  4516 | D:5      | Entered Level 5 of the Dungeon
  4536 | D:5      | Reached skill level 4 in Short Blades
  4583 | D:5      | Noticed a water moccasin
  4601 | D:5      | Killed a water moccasin
  4602 | D:5      | Reached XP level 7. HP: 29/49 MP: 7/7
  4730 | D:5      | Found a sand-covered staircase.
  4737 | Ossuary  | Entered an ossuary
  4948 | Ossuary  | Reached skill level 5 in Short Blades
  4955 | Ossuary  | Reached skill level 5 in Fighting
  5262 | Ossuary  | Reached XP level 8. HP: 32/55 MP: 8/8
  5601 | D:5      | Found a burning altar of Makhleb.
  6144 | D:5      | Identified a scroll of acquirement
  6145 | D:5      | Acquired 1270 gold pieces
  6361 | D:6      | Reached skill level 6 in Short Blades
  6521 | D:6      | Reached skill level 10 in Stealth
  6967 | D:6      | Reached skill level 7 in Short Blades
  7167 | D:6      | Reached skill level 8 in Short Blades
  7291 | D:6      | Reached XP level 9. HP: 60/61 MP: 9/9
  7297 | D:6      | Found a staircase to the Ecumenical Temple.
  7310 | Temple   | Entered the Ecumenical Temple
  7365 | Temple   | Became a worshipper of Gozag Ym Sagoz the Greedy
  7377 | D:6      | Bought a potion of invisibility for 96 gold pieces
  7377 | D:6      | Bought a potion of might for 48 gold pieces
  7715 | D:6      | Found an ancient bone altar of Kikubaaqudgha.
  8034 | D:7      | Reached skill level 9 in Short Blades
  8826 | D:7      | Reached skill level 10 in Short Blades
  8958 | D:7      | Reached skill level 11 in Short Blades
  9155 | D:7      | Reached XP level 10. HP: 36/66 MP: 10/10
 10605 | D:8      | Found a staircase to the Lair.
 10626 | D:7      | Reached skill level 12 in Short Blades
 10728 | D:7      | Acquired 817 gold pieces
 10733 | D:7      | Bought a potion of mutation for 112 gold pieces
 10733 | D:7      | Bought a potion of heal wounds for 70 gold pieces
 10733 | D:7      | Bought a potion of heal wounds for 70 gold pieces
 10733 | D:7      | Bought a potion of heal wounds for 70 gold pieces
 11643 | D:8      | Noticed a death knight
 11648 | D:8      | Killed a death knight
 11649 | D:8      | Reached skill level 13 in Short Blades
 12132 | D:8      | HP: 1/66 [something (7)]
 12136 | D:8      | Reached skill level 1 in Shields
 12490 | D:8      | Noticed a gargoyle
 12495 | D:8      | Killed a gargoyle
 13053 | D:8      | Found a bloodstained altar of Trog.
 13054 | D:8      | Found a broken altar of Ashenzari.
 13060 | D:8      | Found an ornate altar of the Wu Jian Council.
 13060 | D:8      | Found a shimmering blue altar of Sif Muna.
 13061 | D:8      | Found an iron altar of Okawaru.
 13188 | D:9      | Reached XP level 11. HP: 46/71 MP: 11/11
 13311 | D:9      | Learned a level 2 spell: Blink
 13346 | D:9      | HP: 3/71 [asphyx]
 13347 | D:9      | Succumbed to kobold brigand's curare-tipped dart

Illustrated notes

Levels and vault maps discovered:
D:1:      pf_arrival_petrified_forest, layout_basic,
          hellmonk_ecumenical_altar_prayer_group,
          chequers_serial_rivers_micro_d, minmay_lizard_king
D:2:      layout_rooms, basic_altar, minmay_randomly_rotated_circles
D:3:      layout_basic, uniq_robin
D:4:      minmay_wonky_spiral, layout_basic, general_overflow_altar, st_stairs_6
D:5:      layout_basic, old_standard_altar, gup_ossuary_entry_pyramid,
          gup_sewer_entry_pipe, lemuel_old_faithful
D:6:      layout_loops_ring, nicolae_overflow_hidden_temple,
          minmay_temple_entry_junction
D:7:      minmay_clustersquares, layout_basic, minmay_fountain_box
D:8:      minmay_opposing_rooms, layout_basic, minitemple,
          due_lair_maze_entry_diamond
D:9:      layout_long_grid
Temple:   dpeg_chambers_temple

Skill      XL: |  1  2  3  4  5  6  7  8  9 10 |
---------------+-------------------------------+-----
Stealth        | 6 7 9 10 | 10.0
Fighting       | 3 4 5 |  5.0
Short Blades   | 3 4 5 8 11 13 | 13.6
Shields        | 2 |  2.5
Dodging        | 2 |  2.9
Throwing       | |  2.0

Action                   |  1- 3 |  4- 6 |  7- 9 | 10-12 || total
-------------------------+-------+-------+-------+-------++-------
Melee: Dagger            |    76 |    72 |   158 |       ||   306
       Tentacles         |    14 |    16 |    74 |    47 ||   151
       Constrict         |    18 |    19 |    49 |    28 ||   114
       Rapier            |       |       |   112 |   163 ||   275
Throw: Dart              |       |    17 |     6 |    16 ||    39
       Boomerang         |       |       |    14 |       ||    14
Invok: Call Merchant     |       |       |     1 |     1 ||     2
  Use: Scroll            |     8 |     1 |     5 |     2 ||    16
       Potion            |       |       |     1 |     4 ||     5
 Stab: Sleeping          |    14 |     6 |    32 |     8 ||    60
       Distracted        |       |       |       |     4 ||     4
Armor: Skin              |     1 |     6 |    14 |    13 ||    34
Dodge: Dodged            |    32 |    42 |   123 |    97 ||   294

Table legend: (Time is in decaauts)
 A = Elapsed time spent in this place.
 B = Non-inter-level travel time spent in this place.
 C = Inter-level travel time spent in this place.
 D = Time resting spent in this place.
 E = Time spent auto-exploring this place.
 F = Levels seen in this place.
 G = Mean time per level.
                   A        B        C        D        E       F      G
               +--------+--------+--------+--------+--------+-----+--------+
         Total |  13199 |  12807 |    392 |   4045 |   7053 |  11 | 1199.9 |
       Dungeon |  12575 |  12209 |    366 |   3925 |   6810 |   9 | 1397.2 |
        Temple |     63 |     37 |     26 |      0 |     35 |   1 |   63.0 |
       Ossuary |    560 |    560 |      0 |    120 |    208 |   1 |  560.0 |
               +--------+--------+--------+--------+--------+-----+--------+

Top non-repeatable levels by time:
     D:7: 2821 daAuts
     D:6: 2057 daAuts
     D:8: 1608 daAuts
     D:4: 1413 daAuts
     D:1: 1374 daAuts
     D:5: 1335 daAuts
     D:2: 1009 daAuts
     D:3: 698 daAuts
 Ossuary: 560 daAuts
     D:9: 255 daAuts
  Temple: 63 daAuts
